 Dungeon Crawl Stone Soup version 0.28-a0-915-gcd63401287 (webtiles) character file.

Game seed: 18001979340204220032

92 mcbry74 the Slasher (level 4, -4/37 HPs)
             Began as a Palentonga Fighter on Nov 25, 2021.
             Slain by a phantom (8 damage)
             ... on level 3 of the Dungeon.
             The game lasted 00:04:22 (1498 turns).

mcbry74 the Slasher (Palentonga Fighter)            Turns: 1498, Time: 00:04:23

Health: -4/37      AC:  8    Str: 20    XL:     4   Next: 35%
Magic:  4/4        EV:  7    Int:  9    God:
Gold:   62         SH:  4    Dex:  9    Spells: 3/3 levels left

rFire   . . .      SeeInvis +   a - +0 long sword
rCold   . . .      Faith    .   c - +0 buckler
rNeg    . . .      Spirit   .   b - +0 scale mail
rPois   .          Reflect  .   h - +2 hat
rElec   .          Harm     .   (no cloak)
rCorr   .          Rampage  .   (no gloves)
Will    .....                   (no barding)
Stlth   ..........              (no amulet)
HPRegen 0.12/turn               (no ring)
MPRegen 0.09/turn               (no ring)

@: no status effects
A: large, rugged brown scales 3, see invisible, deformed body, roll 1, armoured
tail
a: Rolling Charge


You were on level 3 of the Dungeon.
You visited 1 branch of the dungeon, and saw 3 of its levels.

You collected 62 gold pieces.

Inventory:

Hand Weapons
 a - a +0 long sword (weapon)
Armour
 b - a +0 scale mail (worn)
 c - a +0 buckler (worn)
 h - a +2 hat (worn)
Scrolls
 f - a scroll of fog {unknown}
 g - 2 scrolls of teleportation {unknown}
 j - a scroll of noise {unknown}
 k - a scroll of blinking {unknown}
 m - a scroll of identify {unknown}
Potions
 d - a potion of might
 e - a potion of mutation {unknown}
 i - a potion of ambrosia {unknown}
 l - a potion of degeneration {unknown}


   Skills:
 - Level 3.0 Fighting
 + Level 4.7 Long Blades
 - Level 2.4 Armour
 - Level 2.4 Shields


You had 3 spell levels left.
You didn't know any spells.
Your spell library was empty.

Dungeon Overview and Level Annotations

Branches:
Dungeon (3/15)

Altars:


Innate Abilities, Weirdness & Mutations

You are completely covered in rugged brown scales. (AC +3, +7% HP)
You have supernaturally acute eyesight. (SInv)
Armour fits poorly on your strangely shaped body.
You can roll at nearby foes to attack.
You have a long armoured tail.


Message History

The orc closely misses you. The phantom hits you.
You completely miss the orc. You tail-slap the orc.
You kill the orc!
The phantom hits you but does no damage.
You hit the phantom but do no damage. The phantom barely misses you.
You hit the phantom.
Your tail-slap misses the phantom.
The phantom is lightly damaged.
The phantom hits you.
The phantom blinks!
You blink.
You miss the phantom. You tail-slap the phantom!
The phantom is moderately damaged.
The phantom hits you but does no damage.
You barely miss the phantom.
The phantom is moderately damaged.
The phantom closely misses you.
You closely miss the phantom.
The phantom is moderately damaged.
The phantom hits you but does no damage. x2
You miss the phantom. You tail-slap the phantom.
The phantom is heavily damaged.
The phantom hits you.
The phantom blinks!
You blink.
The phantom hits you.
You hit the phantom but do no damage.
Your tail-slap misses the phantom.
The phantom is heavily damaged.
The phantom hits you.
You hit the phantom but do no damage.
The phantom is heavily damaged.
The phantom hits you.
* * * LOW HITPOINT WARNING * * *
The phantom blinks!
You blink.
You barely miss the phantom.
Your tail-slap misses the phantom.
The phantom is moderately damaged.
You block the phantom's attack.
You slash the phantom! You tail-slap the phantom.
The phantom is severely damaged.
The phantom hits you!
* * * LOW HITPOINT WARNING * * *
You completely miss the phantom.
The phantom is severely damaged.
The phantom hits you!
You die...

##########
#..).....#
#........#
#........#
#........#
#...)....#
#........#
#...<...W#
####..$....@#
............##.
.###...........
##.........#
#..........
#...........
###########..
.#.


You could see a phantom.

Vanquished Creatures
  A gnoll (D:1)
  4 adders (D:2)
  A worm (D:2)
  A dart slug (D:2)
  An orc (D:3)
  2 bats
  5 endoplasms
  A giant cockroach (D:1)
  3 goblins
  2 hobgoblins
  4 jackals (D:1)
  4 kobolds
  4 ball pythons
  3 frilled lizards
  4 rats
40 creatures vanquished.

Notes
Turn   | Place    | Note
-------+----------+-------------------------------------------
     0 | D:1      | mcbry74 the Palentonga Fighter began the quest for the Orb.
     0 | D:1      | Reached XP level 1. HP: 19/19 MP: 1/1
    35 | D:1      | Reached XP level 2. HP: 16/25 MP: 2/2
   274 | D:1      | Reached skill level 3 in Long Blades
   545 | D:1      | Reached XP level 3. HP: 25/31 MP: 3/3
   784 | D:2      | Reached skill level 4 in Long Blades
  1266 | D:2      | Reached XP level 4. HP: 37/37 MP: 4/4
  1476 | D:3      | Noticed a phantom
  1498 | D:3      | Slain by a phantom

Illustrated notes

Levels and vault maps discovered:
D:1:      shiori_arrival_oz, layout_rooms
D:2:      layout_basic
D:3:      layout_rooms, grunt_ministairs_6, kennysheep_generic_room_9

Skill      XL: |  1  2  3 |
---------------+----------+-----
Long Blades    | 3 4 |  4.7
Fighting       | |  3.0
Armour         | |  2.4
Shields        | |  2.4

Action                   |  1- 3 |  4- 6 || total
-------------------------+-------+-------++-------
Melee: Long sword        |    71 |    31 ||   102
       Tailslap          |     5 |     7 ||    12
 Abil: Rolling Charge    |    22 |     1 ||    23
Armor: Scale mail        |    23 |    26 ||    49
Dodge: Dodged            |    18 |    12 ||    30
Block: Buckler           |     8 |     4 ||    12

Table legend: (Time is in decaauts)
 A = Elapsed time spent in this place.
 B = Non-inter-level travel time spent in this place.
 C = Inter-level travel time spent in this place.
 D = Time resting spent in this place.
 E = Time spent auto-exploring this place.
 F = Levels seen in this place.
 G = Mean time per level.
                   A        B        C        D        E       F      G
               +--------+--------+--------+--------+--------+-----+--------+
         Total |   1520 |   1486 |     34 |    251 |    975 |   3 |  506.7 |
       Dungeon |   1520 |   1486 |     34 |    251 |    975 |   3 |  506.7 |
               +--------+--------+--------+--------+--------+-----+--------+

Top non-repeatable levels by time:
     D:2: 816 daAuts
     D:1: 682 daAuts
     D:3: 21 daAuts
